 Dungeon Crawl Stone Soup version 0.28-a0-991-g956f0ee3d5 (webtiles) character file.

Game seed: 3061944026664901851

542 Conn the Firebug (level 7, 0/64 HPs)
             Began as an Octopode Fire Elementalist on Dec 4, 2021.
             Slain by an iguana (1 damage)
             ... while paralysed by Grinder
             ... on level 5 of the Dungeon.
             The game lasted 00:09:19 (4334 turns).

Conn the Firebug (Octopode Fire Elementalist)       Turns: 4334, Time: 00:09:20

Health: 0/64       AC: 23    Str:  8    XL:     7   Next: 27%
Magic:  12/12      EV:  2    Int: 19    God:
Gold:   234        SH:  0    Dex: 12    Spells: 2/13 levels left

rFire   . . .      SeeInvis .   f - +1 dagger (elec)
rCold   . . .      Faith    .   (no shield)
rNeg    . . .      Spirit   .   (helmet currently unavailable)
rPois   +          Reflect  .   (no amulet)
rElec   .          Harm     .   (no ring)
rCorr   .          Rampage  .   (no ring)
Will    .....      NoTele   +   (no ring)
Stlth   +++.......              (no ring)
HPRegen 0.20/turn               (no ring)
MPRegen 0.13/turn               (no ring)
                                (no ring)
                                (no ring)

@: paralysed, tree-form, attractive, very slightly contaminated, hasted,
invisible
A: stationary, stasis, torment immunity, boosted hp, almost no armour,
(amphibious), 8 rings, (camouflage 1), (gelatinous body 1), (nimble swimmer 1),
(tentacles)
a: no special abilities


You were on level 5 of the Dungeon.
You were a tree.
You visited 1 branch of the dungeon, and saw 5 of its levels.

You collected 234 gold pieces.

Inventory:

Hand Weapons
 f - a +1 dagger of electrocution (weapon)
 g - a +2 dagger of pain
 h - a +0 vorpal hunting sling
Armour
 a - a +0 buckler
Magical Staves
 k - a staff of poison
Wands
 o - a wand of mindburst (15)
 p - a wand of digging (2)
Scrolls
 d - 3 scrolls of vulnerability {unknown}
 l - a scroll of amnesia {unknown}
 m - a scroll of enchant weapon {unknown}
 n - a scroll of teleportation {unknown}


   Skills:
 + Level 1.1 Fighting
 + Level 1.2 Short Blades
 + Level 3.0 Dodging
 + Level 4.6 Stealth
 + Level 3.7 Spellcasting
 + Level 2.6 Conjurations
 + Level 5.2 Fire Magic


You had 2 spell levels left.
You knew the following spells:

 Your Spells              Type           Power      Damage    Failure   Level
a - Foxfire               Conj/Fire      72%        2x1d7     2%          1
b - Conjure Flame         Conj/Fire      18%        6-21      9%          3
c - Inner Flame           Hex/Fire       13%        N/A       14%         3
d - Flame Wave            Conj/Fire      18%        2d5       28%         4

Your spell library contained the following spells:

 Spells                   Type           Power      Damage    Failure   Level
 Scorch                   Fire           46%        2d7       2%          2
 Stone Arrow              Conj/Erth      16%        3d8       24%         3
 Summon Forest            Summ/Tloc      1%         N/A       98%         5
 Summon Mana Viper        Hex/Summ       3%         N/A       98%         5
 Summon Cactus Giant      Summ           1%         N/A       100%        6
 Lehudib's Crystal Spear  Conj/Erth      4%         10d3      100%        8
 Animate Armour           Summ/Erth      Unusable   N/A       N/A         4

Dungeon Overview and Level Annotations

Branches:
Dungeon (5/15)
 Temple: D:4-7

Altars:
Cheibriados
Hepliaklqana
Nemelex Xobeh
Qazlal
The Shining One

Annotations:
D:5 Grinder, Prince Ribbit


Innate Abilities, Weirdness & Mutations

You are a tree.
Your roots penetrate the ground, keeping you stationary.
You cannot be teleported.
You are immune to unholy pain and torment.
Your maximum health is greatly increased.
You cannot wear most types of armour.
((You are amphibious.))
You can wear up to eight rings at the same time.
((Your skin changes colour to match your surroundings (Stealth+).))
((Your rubbery body absorbs attacks. (AC +1, EV +1)))
((You are camouflaged near water. (Stealth+)))
((You have tentacles for arms and can constrict up to eight enemies at once.))


Message History

The ufetubus hits you but does no damage.
The ufetubus barely misses you.
The gnoll struggles against the net.
The net rips apart, and the gnoll comes free!
Grinder hits you but does no damage.
The ice beast hits you but does no damage.
The ogre is attracted toward you.
You feel less invigorated.
You feel less confused.
The ufetubus hits you but does no damage. x2
The iguana barely misses you.
The ufetubus hits you but does no damage. x2
Grinder barely misses you. The ice beast barely misses you.
The ogre is attracted toward you.
The iguana bites you but does no damage.
The ufetubus hits you but does no damage. x2
Grinder hits you!
You writhe in agony.
The ice beast hits you. The ice beast freezes you!
* * * LOW HITPOINT WARNING * * *
The ogre is attracted toward you.
The ufetubus hits you but does no damage. x2
The iguana bites you but does no damage.
The gnoll hits you but does no damage. Grinder hits you but does no damage.
The ufetubus hits you but does no damage.
The ufetubus barely misses you.
The ice beast hits you but does no damage.
The ogre is attracted toward you.
The iguana bites you but does no damage.
The ufetubus hits you.
* * * LOW HITPOINT WARNING * * *
The ufetubus hits you but does no damage.
The gnoll hits you but does no damage. Grinder hits you!
* * * LOW HITPOINT WARNING * * *
The ice beast hits you.
* * * LOW HITPOINT WARNING * * *
The ice beast freezes you.
* * * LOW HITPOINT WARNING * * *
The ogre is attracted toward you.
The ufetubus hits you but does no damage. x2
The iguana bites you.
You die...

## .. .. ... .#
#... #######§.###
#...###.g5.lO..$..
#.....gggY♣5F..#
#.......#####.##
....(...#
#.#####.# #.# #.#
#.# #.# #.#


You could see Prince Ribbit, Grinder, an ice beast, an ogre (wandering), an
iguana, 4 gnolls and an ufetubus.

Vanquished Creatures
  Sigmund (D:2)
  Blork the orc (D:4)
  3 jellies (D:4)
  Jessica (D:3)
  An iguana (D:4)
  Ijyb (D:4)
  Terence (D:2)
  3 adders
  2 adder skeletons
  2 worms
  2 dart slugs
  2 orcs (D:3)
  3 ball pythons
  13 endoplasms
  2 giant cockroaches
  5 goblins
  7 hobgoblins
  8 jackals
  10 kobolds
  2 quokkas (D:3)
  4 bats
  2 frilled lizards
  5 rats
  A spectral kobold (D:3)
82 creatures vanquished.

Vanquished Creatures (others)
  196 foxfires
  7 fungi (D:4)
  9 toadstools (D:4)
212 creatures vanquished.

Grand Total: 294 creatures vanquished

Notes
Turn   | Place    | Note
-------+----------+-------------------------------------------
     0 | D:1      | Conn the Octopode Fire Elementalist began the quest for the
                  | Orb.
     0 | D:1      | Reached XP level 1. HP: 11/11 MP: 3/3
   252 | D:1      | Reached XP level 2. HP: 17/17 MP: 1/5
   805 | D:1      | Found a faded altar of an unknown god.
   970 | D:2      | Found a glowing golden altar of the Shining One.
  1008 | D:2      | Noticed Sigmund
  1029 | D:2      | Killed Sigmund
  1030 | D:2      | Reached skill level 4 in Fire Magic
  1030 | D:2      | Reached XP level 3. HP: 15/21 MP: 3/7
  1030 | D:2      | Reached XP level 4. HP: 20/27 MP: 3/8
  1030 | D:2      | Reached XP level 5. HP: 23/31 MP: 3/9
  1610 | D:2      | Noticed Terence
  1621 | D:2      | Killed Terence
  1622 | D:2      | Reached XP level 6. HP: 27/36 MP: 10/10
  2221 | D:3      | Noticed Jessica
  2227 | D:3      | Killed Jessica
  2499 | D:3      | Found a hazy altar of Hepliaklqana.
  2651 | D:3      | Found a snail-covered altar of Cheibriados.
  2653 | D:3      | Found a sparkling altar of Nemelex Xobeh.
  2653 | D:3      | Found a stormy altar of Qazlal.
  3050 | D:4      | Noticed Blork the orc
  3057 | D:4      | Killed Blork the orc
  3058 | D:4      | Reached skill level 1 in Short Blades
  3058 | D:4      | Reached skill level 5 in Fire Magic
  3404 | D:4      | Noticed Ijyb
  3420 | D:4      | Killed Ijyb
  3680 | D:4      | Learned a level 3 spell: Conjure Flame
  3684 | D:4      | Learned a level 3 spell: Inner Flame
  3689 | D:4      | Learned a level 4 spell: Flame Wave
  3698 | D:4      | Reached XP level 7. HP: 42/42 MP: 5/12
  3776 | D:4      | Reached skill level 1 in Fighting
  4282 | D:5      | Entered Level 5 of the Dungeon
  4293 | D:5      | Noticed Grinder
  4298 | D:5      | Paralysed by Grinder for 6 turns
  4308 | D:5      | Noticed Prince Ribbit
  4328 | D:5      | Paralysed by Grinder for 6 turns
  4333 | D:5      | HP: 1/64 [ice beast (6)]
  4334 | D:5      | Slain by an iguana

Illustrated notes

Levels and vault maps discovered:
D:1:      dpeg_arrival_brainrot, layout_basic,
          hellmonk_ecumenical_altar_slurped_away
D:2:      layout_loops_cross, basic_altar, uniq_sigmund, uniq_terence
D:3:      kennysheep_six_static_rooms, layout_loops_ring,
          nicolae_hepliaklqana_monster_ancestors, minitemple,
          amcnicky_mini_corridor_feature, uniq_jessica
D:4:      cheibrodos_fertilizer, layout_basic, fountainhead, uniq_ijyb,
          uniq_blork_the_orc
D:5:      layout_loops_ring, ashenzari_conservatory_becter,
          gammafunk_ghost_cemetery, uniq_grinder, uniq_menkaure,
          uniq_prince_ribbit1, uniq_edmund

Skill      XL: |  1  2  3  4  5  6  7 |
---------------+----------------------+-----
Stealth        | 3 4 |  4.6
Spellcasting   | 3 |  3.7
Fire Magic     | 4 5 |  5.2
Conjurations   | 2 |  2.6
Short Blades   | 1 |  1.2
Fighting       | 1 |  1.1
Dodging        | 3 |  3.0

Action                   |  1- 3 |  4- 6 |  7- 9 || total
-------------------------+-------+-------+-------++-------
Melee: Dagger            |     5 |    56 |    31 ||    92
       Constrict         |     1 |    13 |     1 ||    15
       Tentacles         |       |     9 |     3 ||    12
 Cast: Foxfire           |    22 |    70 |    19 ||   111
       Inner Flame       |       |       |     1 ||     1
       Flame Wave        |       |       |     1 ||     1
  Use: Scroll            |       |     2 |       ||     2
       Potion            |       |       |     6 ||     6
 Stab: Sleeping          |       |    11 |       ||    11
Armor: Skin              |     2 |     5 |    66 ||    73
Dodge: Dodged            |    12 |    35 |    29 ||    76

Table legend: (Time is in decaauts)
 A = Elapsed time spent in this place.
 B = Non-inter-level travel time spent in this place.
 C = Inter-level travel time spent in this place.
 D = Time resting spent in this place.
 E = Time spent auto-exploring this place.
 F = Levels seen in this place.
 G = Mean time per level.
                   A        B        C        D        E       F      G
               +--------+--------+--------+--------+--------+-----+--------+
         Total |   4322 |   4214 |    108 |      0 |   3339 |   5 |  864.4 |
       Dungeon |   4322 |   4214 |    108 |      0 |   3339 |   5 |  864.4 |
               +--------+--------+--------+--------+--------+-----+--------+

Top non-repeatable levels by time:
     D:4: 1284 daAuts
     D:3: 1215 daAuts
     D:1: 957 daAuts
     D:2: 819 daAuts
     D:5: 46 daAuts
